 Dungeon Crawl Stone Soup version 0.29.1 (webtiles) character file.

Game seed: 21159800356774449

74 groovy9 the Shooter (level 4, -1/38 HPs)
             Began as a Minotaur Hunter on Sept 15, 2022.
             Slain by an adder (2 damage)
             ... on level 3 of the Dungeon.
             The game lasted 00:04:56 (2401 turns).

groovy9 the Shooter (Minotaur Hunter)               Turns: 2401, Time: 00:04:56

Health: -1/38      AC:  3    Str: 15    XL:     4   Next: 9%
Magic:  3/3        EV: 12    Int:  6    God:
Gold:   111        SH:  0    Dex: 16    Spells: 3/3 levels left

rFire   + . .      SeeInvis .   a - +0 shortbow
rCold   + . .      Faith    +   (shield currently unavailable)
rNeg    + . .      Spirit   .   c - +0 leather armour
rPois   +          Reflect  .   (helmet restricted)
rElec   +          Harm     .   (no cloak)
rCorr   +          Rampage  .   (no gloves)
Will    .....                   (no boots)
Stlth   +.........              d - amulet of Tewoteant {Faith rElec rN+}
HPRegen 0.12/turn               (no ring)
MPRegen 0.08/turn               (no ring)

@: confused, brilliant, resistant, attractive
A: horns 2, retaliatory headbutt
a: no special abilities


You were on level 3 of the Dungeon.
You visited 1 branch of the dungeon, and saw 3 of its levels.

You collected 111 gold pieces.

Inventory:

Hand Weapons
 a - a +0 shortbow (weapon)
Armour
 c - a +0 leather armour (worn)
Jewellery
 d - the amulet of Tewoteant (around neck) {Faith rElec rN+}
   (You acquired it on level 2 of the Dungeon)

   [amulet of faith]

   It allows you to gain divine favour quickly.
   rElec:     It insulates you from electricity.
   rN:        It protects you from negative energy.
Scrolls
 b - a scroll of immolation
 f - a scroll of torment
 h - a scroll of amnesia


   Skills:
 + Level 3.4 Fighting
 * Level 5.4 Ranged Weapons
 + Level 3.0 Dodging
 - Level 0.7 Stealth


You had 3 spell levels left.
You didn't know any spells.
Your spell library contained the following spells:

 Spells                   Type           Power      Damage    Failure   Level
 Apportation              Tloc           0%         N/A       52%         1
 Gell's Gravitas          Tloc           0%         N/A       88%         3
 Teleport Other           Tloc           0%         N/A       88%         3
 Alistair's Intoxication  Tmut/Pois      0%         N/A       100%        5
 Dispersal                Tloc           0%         N/A       100%        6


Dungeon Overview and Level Annotations

Branches:
Dungeon (3/15)

Altars:

Annotations:
D:3 Ijyb


Innate Abilities, Weirdness & Mutations

You have a pair of horns on your head.
You reflexively headbutt those who attack you in melee.


Message History

Look: Ijyb, wielding a +3 spectral club and wearing a +0 ring mail of cold resistance You shoot an arrow.
You feel sick. The adder closely misses you.
Ijyb hits you with a +3 spectral club.
* * * LOW HITPOINT WARNING * * *
Non-targeted confused fire: a) +0 shortbow
Press: ? - help, Q - select action Dir - look around, f - activate Look: Ijyb, wielding a +3 spectral club and wearing a +0 ring mail of cold resistance You shoot an arrow.
You feel sick. The adder barely misses you.
Ijyb hits you with a +3 spectral club.
* * * LOW HITPOINT WARNING * * *
The adder bites you but does no damage.
Non-targeted confused fire: a) +0 shortbow
Press: ? - help, Q - select action Dir - look around, f - activate Look: Ijyb, wielding a +3 spectral club and wearing a +0 ring mail of cold resistance You shoot an arrow.
You feel sick.
You are no longer poisoned.
The adder bites you but does no damage. Ijyb barely misses you.
The adder closely misses you. Ijyb barely misses you.
Non-targeted confused fire: a) +0 shortbow
Press: ? - help, Q - select action Dir - look around, f - activate Look: Ijyb, wielding a +3 spectral club and wearing a +0 ring mail of cold resistance You shoot an arrow.
The adder closely misses you. Ijyb hits you with a +3 spectral club.
* * * LOW HITPOINT WARNING * * *
Non-targeted confused fire: a) +0 shortbow
Press: ? - help, Q - select action Dir - look around, f - activate Look: Ijyb, wielding a +3 spectral club and wearing a +0 ring mail of cold resistance You shoot an arrow.
The adder bites you.
* * * LOW HITPOINT WARNING * * *
Ijyb closely misses you. The adder closely misses you.
Non-targeted confused fire: a) +0 shortbow
Press: ? - help, Q - select action Dir - look around, f - activate Look: Ijyb, wielding a +3 spectral club and wearing a +0 ring mail of cold resistance You shoot an arrow.
The arrow barely misses Ijyb.
The adder bites you.
You die...

#.......# # ###.......#
#.......# # ..........#
#.......# # ###.......#
#.......# # #.......#
#.......# # ###.......#
#........ # ..........#
#........ #
#.........### ##S.......
#####
.##..##[....###.@.......
#....
.......##.......g.####..
#....
###.##.##..............
#.... #
#.....#.......†..###.
...... .
.#...............#
......
..........†..........
......
..##..................
...... ..#
..>...........##.##
...... .............##
.#


You could see Ijyb and an adder.

Vanquished Creatures
  3 adders
  A worm (D:2)
  7 ball pythons
  2 endoplasms (D:1)
  2 giant cockroaches
  3 goblins
  3 hobgoblins
  6 kobolds
  6 quokkas
  3 bats
  A frilled lizard (D:1)
  5 rats
42 creatures vanquished.

Vanquished Creatures (others)
  2 fungi (D:2)
2 creatures vanquished.

Grand Total: 44 creatures vanquished

Notes
Turn   | Place    | Note
-------+----------+-------------------------------------------
     0 | D:1      | groovy9 the Minotaur Hunter began the quest for the Orb.
     0 | D:1      | Reached XP level 1. HP: 18/18 MP: 0/0
   313 | D:1      | Reached XP level 2. HP: 22/25 MP: 1/1
  1118 | D:1      | Reached skill level 5 in Ranged Weapons
  1118 | D:1      | Reached XP level 3. HP: 21/31 MP: 2/2
  1515 | D:2      | Identified a scroll of acquirement
  1515 | D:2      | Acquired the amulet of Tewoteant {Faith rElec rN+}
  1801 | D:2      | Found a faded altar of an unknown god.
  2288 | D:3      | Reached XP level 4. HP: 38/38 MP: 3/3
  2295 | D:3      | Noticed Ijyb
  2400 | D:3      | HP: 1/38 [adder (1)]
  2401 | D:3      | Slain by an adder

Illustrated notes

Levels and vault maps discovered:
D:1:      evilmike_arrival_rings, layout_basic
D:2:      layout_loops_ring, ebering_ecumenical_altar_webs,
          dreamdust_mushroom_princess
D:3:      layout_rooms, minmay_misc_feat_roman, serial_bayou_lake_a, uniq_ijyb,
          uniq_grinder, uniq_robin

Skill      XL: |  1  2  3 |
---------------+----------+-----
Fighting       | 3 |  3.4
Ranged Weapons | 5 |  5.4
Dodging        | 3 |  3.0
Stealth        | |  0.7

Action                   |  1- 3 |  4- 6 || total
-------------------------+-------+-------++-------
Melee: Shortbow          |       |     1 ||     1
 Fire: Shortbow          |    92 |    26 ||   118
  Use: Scroll            |     8 |       ||     8
       Potion            |       |     3 ||     3
Armor: Leather armour    |     4 |     4 ||     8
Dodge: Dodged            |    18 |    15 ||    33
